 Dungeon Crawl Stone Soup version 0.30-a0-652-gcc886f7154 (webtiles) character file.

Game seed: 6708185418964490845

206 NinjaNoafa the Chopper (level 5, -3/45 HPs)
             Began as a Hill Orc Fighter on Jan 17, 2023.
             Slain by Sigmund
             ... wielding a +0 scythe
              (9 damage)
             ... on level 3 of the Dungeon.
             The game lasted 00:04:01 (2167 turns).

NinjaNoafa the Chopper (Hill Orc Fighter)           Turns: 2167, Time: 00:04:01

Health: -3/45      AC:  6    Str: 21    XL:     5   Next: 84%
Magic:  5/5        EV: 10    Int:  8    God:
Gold:   140        SH:  4    Dex: 10    Spells: 4/4 levels left

rFire   . . .      SeeInvis .    a - +0 war axe
rCold   . . .      Faith    .    c - +0 buckler
rNeg    + . .      Spirit   .    p - +1 ring mail {rN+}
rPois   .          Reflect  .    (no helmet)
rElec   .          Harm     .    (no cloak)
rCorr   .          Rampage  .    (no gloves)
Will    .....                    (no boots) Stlth
                                 (no amulet)
HPRegen 0.27/turn                (no ring)
MPRegen 0.09/turn                (no ring)

@: mighty, flying
A: no striking features
a: no special abilities


You were on level 3 of the Dungeon.
You visited 1 branch of the dungeon, and saw 3 of its levels.

You collected 140 gold pieces.

Inventory:

Hand Weapons
 a - a +0 war axe (weapon)
Missiles
 i - 3 boomerangs (quivered)
 n - 2 throwing nets
 t - 8 poisoned darts
Armour
 c - a +0 buckler (worn)
 p - a +1 ring mail of positive energy (worn)
Wands
 q - a wand of flame (16)
Scrolls
 h - 2 scrolls of blinking {unknown}
 k - 4 scrolls of identify {unknown}
 o - 2 scrolls of fear {unknown}
 r - a scroll of brand weapon {unknown}
 s - a scroll of amnesia {unknown}
Potions
 b - a potion of mutation {unknown}
 d - a potion of might
 e - 3 potions of flight
 f - a potion of curing
 g - a potion of brilliance {unknown}
 j - a potion of invisibility {unknown}
 l - 2 potions of heal wounds {unknown}
 m - a potion of resistance {unknown}


   Skills:
 - Level 3.6 Fighting
 + Level 7.7 Axes
 - Level 3.3 Armour
 - Level 3.3 Shields


You had 4 spell levels left.
You didn't know any spells.
Your spell library was empty.

Dungeon Overview and Level Annotations

Branches:
Dungeon (3/15)

Altars:
Xom

Annotations:
D:3 Sigmund


Message History

The puff of flame hits you!
* * * LOW HITPOINT WARNING * * *
Things that are here:
a +0 dagger; a +0 robe
Okay, then.
You miss something. You hit something. Something hits you but does no damage.
Something hits you!
* * * LOW HITPOINT WARNING * * *
Unknown command.
It was a potion of flight.
You feel very buoyant.
You fly up into the air.
You hear some strange, mumbled words.
Something tries to affect you, but you resist.
It was a potion of curing.
You feel better. Something hits you.
* * * LOW HITPOINT WARNING * * *
Something hits you.
* * * LOW HITPOINT WARNING * * *
You feel better. Something completely misses you. Something hits you.
You closely miss something. You barely miss something. Something hits you.
You miss something. You barely miss something. You block something's attack.
Something hits you but does no damage.
You slash something! You closely miss something.
Something hits you but does no damage.
You hear some strange, mumbled words.
A magic dart appears from out of thin air!
The magic dart hits you.
* * * LOW HITPOINT WARNING * * *
Something hits you but does no damage.
You barely miss something. x2; Something hits you.
* * * LOW HITPOINT WARNING * * *
You hear some strange, mumbled words.
You are confused.
You feel better. Something hits you!
* * * LOW HITPOINT WARNING * * *
Something completely misses you.
You barely miss something. x2; Something hits you.
* * * LOW HITPOINT WARNING * * *
You miss something. x2; Something hits you!
You die...

............#.##.# #.
.....#......#.#..# ###.
.....#.....##.#..# .....
##.... #.....##.#.## .....
#..## #.....##.#.##
......#.######.....##.#.#.
......#.#.............#.#.
......{o#.####.....####.#.
#.#@# #.....# #.#. #.{{#
#.....# #... ##### #######
##≈≈≈ ##≈≈≈≈ #≈≈≈.. #≈≈...
#≈≈..# #≈≈..# #≈≈..#


There were no monsters in sight!

Vanquished Creatures
  Ijyb (D:3)
  2 orc wizards (D:3)
  3 adders (D:2)
  A worm (D:3)
  4 dart slugs
  9 orcs (D:3)
  4 ball pythons
  8 bats
  5 endoplasms
  5 giant cockroaches
  11 goblins
  4 hobgoblins
  9 jackals
  4 kobolds
  A frilled lizard (D:1)
  5 rats
76 creatures vanquished.

Vanquished Creatures (others)
  5 plants (D:1)
5 creatures vanquished.

Grand Total: 81 creatures vanquished

Notes
Turn   | Place    | Note
-------+----------+-------------------------------------------
     0 | D:1      | NinjaNoafa the Hill Orc Fighter began the quest for the
                  | Orb.
     0 | D:1      | Reached XP level 1. HP: 19/19 MP: 1/1
    61 | D:1      | Reached skill level 3 in Axes
    64 | D:1      | Reached XP level 2. HP: 24/26 MP: 2/2
   126 | D:1      | Reached skill level 4 in Axes
   219 | D:1      | Reached XP level 3. HP: 29/31 MP: 3/3
   709 | D:2      | Found a faded altar of an unknown god.
   744 | D:2      | Found a shimmering altar of Xom.
   755 | D:2      | Reached skill level 5 in Axes
   910 | D:2      | Reached XP level 4. HP: 28/39 MP: 4/4
  1397 | D:3      | Reached skill level 6 in Axes
  1710 | D:3      | Noticed Ijyb
  1724 | D:3      | Killed Ijyb
  1725 | D:3      | Reached XP level 5. HP: 15/45 MP: 5/5
  1933 | D:3      | Reached skill level 7 in Axes
  2137 | D:3      | Noticed Sigmund
  2157 | D:3      | HP: 1/45 [something (8)]
  2167 | D:3      | Slain by Sigmund

Illustrated notes

Levels and vault maps discovered:
D:1:      eino_arrival_tree_alley, layout_rooms, minmay_misc_feat_cross
D:2:      layout_basic, basic_altar, chequers_ecumenical_altar_simple,
          hangedman_decor_diamond_cutter
D:3:      kennysheep_goblin_castle, layout_basic, minmay_checkerbox,
          uniq_sigmund

Skill      XL: |  1  2  3  4  5 |
---------------+----------------+-----
Axes           | 3 4 5 6 7 |  7.7
Fighting       | |  3.6
Armour         | |  3.3
Shields        | |  3.3

Action                   |  1- 3 |  4- 6 || total
-------------------------+-------+-------++-------
Melee: War axe           |    80 |   103 ||   183
Throw: Boomerang         |     8 |     4 ||    12
  Use: Potion            |       |     6 ||     6
Armor: Scale mail        |    41 |    23 ||    64
       Ring mail         |       |    33 ||    33
Dodge: Dodged            |    45 |    61 ||   106
Block: Buckler           |    28 |    28 ||    56

Table legend: (Time is in decaauts)
 A = Elapsed time spent in this place.
 B = Non-inter-level travel time spent in this place.
 C = Inter-level travel time spent in this place.
 D = Time resting spent in this place.
 E = Time spent auto-exploring this place.
 F = Levels seen in this place.
 G = Mean time per level.
                   A        B        C        D        E       F      G
               +--------+--------+--------+--------+--------+-----+--------+
         Total |   2217 |   2080 |    137 |      0 |   1555 |   3 |  739.0 |
       Dungeon |   2217 |   2080 |    137 |      0 |   1555 |   3 |  739.0 |
               +--------+--------+--------+--------+--------+-----+--------+

Top non-repeatable levels by time:
     D:2: 876 daAuts
     D:3: 805 daAuts
     D:1: 536 daAuts
